TOP OF THE 1ST |
New York (WIN) Mets batting - Pitching for Baltimore (WIN) Orioles : LHP Silas Chinn
|
Pitching: LHP Silas Chinn
|
|
Batting: RHB Larry Shoop
|
0-0: Ball 1-0: Ball 2-0: DOUBLE (Line Drive, 3D, EV 98.8 MPH)
|
Batting: RHB Jake Geib
|
0-0: Foul Ball, location: 2F 0-1: Ball 1-1: Called Strike 1-2: Ground out 6-3 (Groundball, 6S, EV 68.8 MPH) Larry Shoop to third
|
Batting: RHB Josh Jones
|
0-0: SINGLE (Groundball, 34D, EV 98.1 MPH) Larry Shoop scores
|
Batting: RHB Billy Walker
|
0-0: Fly out, F6 (Popup, P, EV 71.9 MPH)
|
Batting: LHB Bayesa Mundhir
|
0-0: Ball 1-0: Foul Ball, location: 2F 1-1: Foul Ball, location: 2F 1-2: Ball 2-2: Foul Ball, location: 2F 2-2: Ball 3-2: SINGLE (Line Drive, 4MD, EV 96.2 MPH) Josh Jones to second Josh Jones to third
|
Batting: RHB Dan Muse
|
0-0: Ball 1-0: Ball Wild Pitch! Josh Jones scores Bayesa Mundhir to second 2-0: Foul Ball, location: 2F 2-1: Called Strike 2-2: Foul Ball, location: 2F 2-2: Strikes out looking
|
Top of the 1st over - 2 runs, 3 hits, 0 errors, 1 left on base; New York (WIN) 2 - Baltimore (WIN) 0 |
BOTTOM OF THE 1ST |
Baltimore (WIN) Orioles batting - Pitching for New York (WIN) Mets : RHP Hugo Valentin
|
Pitching: RHP Hugo Valentin
|
|
Batting: RHB Bobby Scholl
|
0-0: Ball 1-0: Ball 2-0: Ball 3-0: Base on Balls
|
Batting: LHB Tsutomu Miyahara
|
0-0: Called Strike 0-1: Foul Ball, location: 2F 0-2: Foul Ball, location: 2F 0-2: Ball 1-2: Ball 2-2: Foul Ball, location: 2F 2-2: Foul Ball, location: 2F 2-2: Foul Ball, location: 2F 2-2: Foul Ball, location: 2F 2-2: Ball 3-2: Foul Ball, location: 2F 3-2: Strikes out swinging Bobby Scholl steals 2nd base Batter strikes out.
|
Batting: RHB Vince Jackson
|
0-0: Fly out, F9 (Line Drive, 89M, EV 100.6 MPH)
|
Batting: LHB Raul Rojas
|
0-0: Called Strike 0-1: Ball 1-1: Foul Ball, location: 2F 1-2: Ball 2-2: Ball 3-2: Strikes out swinging
|
Bottom of the 1st over - 0 runs, 0 hits, 0 errors, 1 left on base; New York (WIN) 2 - Baltimore (WIN) 0 |
TOP OF THE 2ND |
New York (WIN) Mets batting - Pitching for Baltimore (WIN) Orioles : LHP Silas Chinn
|
Batting: SHB Justin Wallace
|
0-0: Foul Ball, location: 2F 0-1: Called Strike 0-2: Strikes out swinging
|
Batting: RHB Gang-sheng Chew
|
0-0: Ball 1-0: Ball 2-0: Ground out 6-3 (Groundball, 6, EV 89.4 MPH)
|
Batting: RHB Frank Shaw
|
0-0: Ball 1-0: Ball 2-0: Ball 3-0: Called Strike 3-1: Called Strike 3-2: Fly out, F9 (Flyball, 9, EV 87.5 MPH)
|
Top of the 2nd over - 0 runs, 0 hits, 0 errors, 0 left on base; New York (WIN) 2 - Baltimore (WIN) 0 |
BOTTOM OF THE 2ND |
Baltimore (WIN) Orioles batting - Pitching for New York (WIN) Mets : RHP Hugo Valentin
|
Batting: RHB Edwin Ramos
|
0-0: Called Strike 0-1: Called Strike 0-2: Ball 1-2: Strikes out swinging
|
Batting: LHB Ben Goldstein
|
0-0: Called Strike 0-1: Ball 1-1: Foul Ball, location: 2F 1-2: Foul Ball, location: 2F 1-2: SINGLE (Groundball, 4MD, EV 83.1 MPH) (infield hit)
|
Batting: RHB Tony Logan
|
0-0: Called Strike 0-1: Ball 1-1: Ball 2-1: Fly out, F7 (Flyball, 7S, EV 75.0 MPH)
|
Batting: RHB Muneer Maudad
|
0-0: Ball 1-0: Ball 2-0: Called Strike 2-1: Ball 3-1: SINGLE (Popup, 4MD, EV 51.2 MPH) Ben Goldstein to second
|
Batting: RHB Kory Sanchez
|
0-0: Ball 1-0: Foul Ball, location: 2F 1-1: Ball 2-1: Swinging Strike 2-2: 3-RUN HOME RUN (Line Drive, 7D, EV 99.4 MPH), Distance : 390 ft
|
Batting: RHB Bobby Scholl
|
0-0: Ball 1-0: Called Strike 1-1: Ground out U3 (Groundball, 34, EV 102.5 MPH)
|
Bottom of the 2nd over - 3 runs, 3 hits, 0 errors, 0 left on base; New York (WIN) 2 - Baltimore (WIN) 3 |
TOP OF THE 3RD |
New York (WIN) Mets batting - Pitching for Baltimore (WIN) Orioles : LHP Silas Chinn
|
Batting: RHB Larry Shoop
|
0-0: Ball 1-0: Ball 2-0: Ground out 6-3 (Groundball, 56D, EV 84.4 MPH)
|
Batting: RHB Jake Geib
|
0-0: Ball 1-0: Fly out, F3 (Popup, 3, EV 81.9 MPH)
|
Batting: RHB Josh Jones
|
0-0: Fly out, F8 (Flyball, 89D, EV 91.9 MPH)
|
Top of the 3rd over - 0 runs, 0 hits, 0 errors, 0 left on base; New York (WIN) 2 - Baltimore (WIN) 3 |
BOTTOM OF THE 3RD |
Baltimore (WIN) Orioles batting - Pitching for New York (WIN) Mets : RHP Hugo Valentin
|
Batting: LHB Tsutomu Miyahara
|
0-0: SINGLE (Line Drive, 78M, EV 93.1 MPH)
|
Batting: RHB Vince Jackson
|
0-0: Called Strike 0-1: Called Strike 0-2: Ball 1-2: Strikes out swinging
|
Batting: LHB Raul Rojas
|
0-0: Hit by Pitch Tsutomu Miyahara to second
|
Batting: RHB Edwin Ramos
|
0-0: Grounds into double play, 5-4-3 (Groundball, 56, EV 101.9 MPH)
|
Bottom of the 3rd over - 0 runs, 1 hit, 0 errors, 1 left on base; New York (WIN) 2 - Baltimore (WIN) 3 |
TOP OF THE 4TH |
New York (WIN) Mets batting - Pitching for Baltimore (WIN) Orioles : LHP Silas Chinn
|
Batting: RHB Billy Walker
|
0-0: Called Strike 0-1: Called Strike 0-2: Ball 1-2: Ball 2-2: SOLO HOME RUN (Flyball, 78XD, EV 112.5 MPH), Distance : 446 ft
|
Batting: LHB Bayesa Mundhir
|
0-0: Ball 1-0: Foul Ball, location: 2F 1-1: Swinging Strike 1-2: Foul Ball, location: 2F 1-2: Fly out, F7 (Flyball, 78S, EV 85.6 MPH)
|
Batting: RHB Dan Muse
|
0-0: Ball 1-0: Ground out 6-3 (Groundball, 6, EV 88.1 MPH)
|
Batting: SHB Justin Wallace
|
0-0: Ball 1-0: Called Strike 1-1: Swinging Strike 1-2: Ground out 5-3 (Groundball, 56, EV 78.1 MPH)
|
Top of the 4th over - 1 run, 1 hit, 0 errors, 0 left on base; New York (WIN) 3 - Baltimore (WIN) 3 |
BOTTOM OF THE 4TH |
Baltimore (WIN) Orioles batting - Pitching for New York (WIN) Mets : RHP Hugo Valentin
|
Batting: LHB Ben Goldstein
|
0-0: Called Strike 0-1: Ground out 6-3 (Groundball, 6M, EV 90.6 MPH)
|
Batting: RHB Tony Logan
|
0-0: Foul Ball, location: 2F 0-1: Foul Ball, location: 2F 0-2: SINGLE (Line Drive, 8LS, EV 103.8 MPH)
|
Batting: RHB Muneer Maudad
|
0-0: Foul Ball, location: 2F 0-1: Called Strike 0-2: Foul Ball, location: 2F 0-2: Foul Ball, location: 2F 0-2: Ball Wild Pitch! Tony Logan to second 1-2: Ball 2-2: Strikes out swinging
|
Batting: RHB Kory Sanchez
|
0-0: Called Strike 0-1: Ground out 6-3 (Groundball, 56, EV 84.4 MPH)
|
Bottom of the 4th over - 0 runs, 1 hit, 0 errors, 1 left on base; New York (WIN) 3 - Baltimore (WIN) 3 |
TOP OF THE 5TH |
New York (WIN) Mets batting - Pitching for Baltimore (WIN) Orioles : LHP Silas Chinn
|
Batting: RHB Gang-sheng Chew
|
0-0: Called Strike 0-1: Foul Ball, location: 2F 0-2: Ball 1-2: Ball 2-2: Ball 3-2: Strikes out swinging
|
Batting: RHB Frank Shaw
|
0-0: Ball 1-0: Ball 2-0: SINGLE (Groundball, 6MS, EV 74.4 MPH) (infield hit)
|
Batting: RHB Larry Shoop
|
0-0: Ball 1-0: Ball 2-0: Called Strike 2-1: Called Strike 2-2: Ball 3-2: Fly out, F7 (Flyball, 78M, EV 76.9 MPH)
|
Batting: RHB Jake Geib
|
0-0: Swinging Strike 0-1: SINGLE (Flyball, 8RS, EV 97.5 MPH) Frank Shaw to second
|
Batting: RHB Josh Jones
|
0-0: Called Strike 0-1: SINGLE (Groundball, 4MD, EV 95.0 MPH) Frank Shaw to third Jake Geib to second Runner from 3rd tries for Home, throw by CF and OUT! 8-2
|
Top of the 5th over - 0 runs, 3 hits, 0 errors, 2 left on base; New York (WIN) 3 - Baltimore (WIN) 3 |
BOTTOM OF THE 5TH |
Baltimore (WIN) Orioles batting - Pitching for New York (WIN) Mets : RHP Hugo Valentin
|
Batting: RHB Bobby Scholl
|
0-0: Called Strike 0-1: Hit by Pitch
|
Batting: LHB Tsutomu Miyahara
|
0-0: Ball Pickoff Throw to First - Out! 1-3 CS 1-0: Foul Ball, location: 2F 1-1: Ball 2-1: Foul Ball, location: 2F 2-2: Ball 3-2: Base on Balls
|
Batting: RHB Vince Jackson
|
0-0: Ball Tsutomu Miyahara is caught stealing 2nd base 2-4 1-0: Ball 2-0: Swinging Strike 2-1: Called Strike 2-2: Ground out 4-3 (Groundball, 34, EV 87.5 MPH)
|
Bottom of the 5th over - 0 runs, 0 hits, 0 errors, 0 left on base; New York (WIN) 3 - Baltimore (WIN) 3 |
TOP OF THE 6TH |
New York (WIN) Mets batting - Pitching for Baltimore (WIN) Orioles : LHP Silas Chinn
|
Batting: RHB Billy Walker
|
0-0: Ball 1-0: Ball 2-0: Ball 3-0: Called Strike 3-1: Base on Balls
|
Batting: LHB Bayesa Mundhir
|
0-0: Ball 1-0: Ball 2-0: Foul Ball, location: 2F 2-1: Ball 3-1: Fly out, F9 (Flyball, 9LD, EV 93.1 MPH)
|
Batting: RHB Dan Muse
|
0-0: Ball 1-0: Called Strike 1-1: Swinging Strike 1-2: Foul Ball, location: 2F 1-2: Strikes out looking
|
Batting: SHB Justin Wallace
|
0-0: Ball 1-0: Foul Ball, location: 2F 1-1: SINGLE (Line Drive, 78S, EV 90.0 MPH) Billy Walker to second Runner from 2nd tries for 3rd, SAFE, throw by CF made to third
|
Batting: RHB Gang-sheng Chew
|
0-0: Called Strike 0-1: Ball 1-1: DOUBLE (Line Drive, 5D, EV 102.5 MPH) Billy Walker scores Justin Wallace to third
|
Batting: RHB Frank Shaw
|
0-0: Called Strike 0-1: Swinging Strike 0-2: Ball 1-2: Ball 2-2: Foul Ball, location: 2F 2-2: Strikes out swinging
|
Top of the 6th over - 1 run, 2 hits, 0 errors, 2 left on base; New York (WIN) 4 - Baltimore (WIN) 3 |
BOTTOM OF THE 6TH |
Baltimore (WIN) Orioles batting - Pitching for New York (WIN) Mets : RHP Hugo Valentin
|
Batting: LHB Raul Rojas
|
0-0: SOLO HOME RUN (Flyball, 8RXD, EV 106.2 MPH), Distance : 457 ft
|
Batting: RHB Edwin Ramos
|
0-0: Called Strike 0-1: Foul Ball, location: 2F 0-2: SINGLE (Line Drive, 8LS, EV 110.0 MPH)
|
Batting: LHB Ben Goldstein
|
0-0: SINGLE (Line Drive, 7LS, EV 98.8 MPH) Edwin Ramos to second
|
Batting: RHB Tony Logan
|
0-0: Called Strike 0-1: Ball 1-1: Ball 2-1: DOUBLE (Flyball, 89XD, EV 108.1 MPH) Edwin Ramos scores Ben Goldstein to third
|
Pitching: RHP Ryan Wilson
|
|
Batting: RHB Muneer Maudad
|
0-0: Called Strike 0-1: Foul Ball, location: 2F 0-2: Strikes out looking
|
Batting: RHB Kory Sanchez
|
0-0: Ball 1-0: Ball 2-0: Fly out, F8 (Flyball, 89S, EV 81.9 MPH)
|
Batting: RHB Bobby Scholl
|
0-0: Called Strike 0-1: Ball 1-1: Swinging Strike 1-2: Strikes out swinging
|
Bottom of the 6th over - 2 runs, 4 hits, 0 errors, 2 left on base; New York (WIN) 4 - Baltimore (WIN) 5 |
TOP OF THE 7TH |
New York (WIN) Mets batting - Pitching for Baltimore (WIN) Orioles : LHP Silas Chinn
|
Pitching: RHP Andy Rondeau
|
|
Batting: RHB Larry Shoop
|
0-0: Ball 1-0: Ground out 4-3 (Groundball, 4, EV 101.2 MPH)
|
Batting: RHB Jake Geib
|
0-0: Called Strike 0-1: Fly out, F7 (Flyball, 78D, EV 91.2 MPH)
|
Batting: RHB Josh Jones
|
0-0: Fly out, F7 (Line Drive, 7LM, EV 89.4 MPH)
|
Top of the 7th over - 0 runs, 0 hits, 0 errors, 0 left on base; New York (WIN) 4 - Baltimore (WIN) 5 |
BOTTOM OF THE 7TH |
Baltimore (WIN) Orioles batting - Pitching for New York (WIN) Mets : RHP Ryan Wilson
|
Batting: LHB Tsutomu Miyahara
|
0-0: Ball 1-0: Foul Ball, location: 2F 1-1: Called Strike 1-2: Ball 2-2: Foul Ball, location: 2F 2-2: Strikes out swinging
|
Batting: RHB Vince Jackson
|
0-0: Called Strike 0-1: Foul Ball, location: 2F 0-2: Ball 1-2: Ball 2-2: Strikes out looking
|
Batting: LHB Raul Rojas
|
0-0: Ball 1-0: Ball 2-0: Called Strike 2-1: Foul Ball, location: 2F 2-2: Foul Ball, location: 2F 2-2: Strikes out swinging
|
Bottom of the 7th over - 0 runs, 0 hits, 0 errors, 0 left on base; New York (WIN) 4 - Baltimore (WIN) 5 |
TOP OF THE 8TH |
New York (WIN) Mets batting - Pitching for Baltimore (WIN) Orioles : RHP Andy Rondeau
|
Batting: RHB Billy Walker
|
0-0: Called Strike 0-1: Ball 1-1: SINGLE (Groundball, 5D, EV 100.0 MPH)
|
Batting: LHB Bayesa Mundhir
|
0-0: Called Strike 0-1: Ball 1-1: Ball 2-1: Fly out, F9 (Line Drive, 9, EV 98.1 MPH)
|
Pinch Hitting: LHB Tony Leyba
|
0-0: Ball 1-0: Called Strike 1-1: Foul Ball, location: 2F 1-2: Strikes out swinging
|
Pitching: LHP Mark Gehring
|
|
Batting: SHB Justin Wallace
|
0-0: Ball 1-0: Fly out, F9 (Flyball, 9LM, EV 83.1 MPH)
|
Top of the 8th over - 0 runs, 1 hit, 0 errors, 1 left on base; New York (WIN) 4 - Baltimore (WIN) 5 |
BOTTOM OF THE 8TH |
Baltimore (WIN) Orioles batting - Pitching for New York (WIN) Mets : RHP Ryan Wilson
|
Pitching: RHP Robbie Beerbower
|
|
Now at 3B: Gang-sheng Chew
|
|
Now at SS: Mike Phillips
|
|
Batting: RHB Edwin Ramos
|
0-0: Called Strike 0-1: Called Strike 0-2: DOUBLE (Flyball, 9LD, EV 110.6 MPH)
|
Batting: LHB Ben Goldstein
|
0-0: Intentional Walk
|
Batting: RHB Tony Logan
|
0-0: Ball 1-0: Swinging Strike 1-1: Ball 2-1: Foul Ball, location: 2F 2-2: Strikes out swinging
|
Batting: RHB Muneer Maudad
|
0-0: Foul Ball, location: 2F 0-1: Foul Ball, location: 2F 0-2: Ball 1-2: Ball 2-2: Foul Ball, location: 2F 2-2: Foul Ball, location: 2F 2-2: Ball 3-2: Foul Ball, location: 2F 3-2: Base on Balls Edwin Ramos to third Ben Goldstein to second
|
Batting: RHB Kory Sanchez
|
0-0: Called Strike 0-1: Ball 1-1: Fly out, F8 (Flyball, 8RD, EV 100.6 MPH) Runner from 3rd tags up, SCORES, throw by CF Ben Goldstein to third
|
Batting: RHB Bobby Scholl
|
0-0: Ball 1-0: Fly out, F7 (Line Drive, 7, EV 90.0 MPH)
|
Bottom of the 8th over - 1 run, 1 hit, 0 errors, 2 left on base; New York (WIN) 4 - Baltimore (WIN) 6 |
TOP OF THE 9TH |
New York (WIN) Mets batting - Pitching for Baltimore (WIN) Orioles : LHP Mark Gehring
|
Batting: RHB Gang-sheng Chew
|
0-0: Called Strike 0-1: Foul Ball, location: 2F 0-2: Ground out 5-3 (Groundball, 5, EV 105.0 MPH)
|
Batting: RHB Frank Shaw
|
0-0: Ball 1-0: Foul Ball, location: 2F 1-1: Swinging Strike 1-2: Ball 2-2: Strikes out swinging
|
Batting: RHB Larry Shoop
|
0-0: Called Strike 0-1: Ball 1-1: Ball 2-1: Fly out, F7 (Line Drive, 78M, EV 86.2 MPH)
|
Top of the 9th over - 0 runs, 0 hits, 0 errors, 0 left on base; New York (WIN) 4 - Baltimore (WIN) 6 |
|